 Dungeon Crawl Stone Soup version 0.24-a0-335-g06ca16a (webtiles) character file.

Game seed: 10511804018502514700

814594 Inarius the Phalangite (level 27, -11/266 HPs)
             Began as a Centaur Fighter on May 17, 2019.
             Was the Champion of the Shining One.
             Mangled by an Orb Guardian (27 damage)
             ... on level 5 of the Realm of Zot on May 19, 2019.
             The game lasted 04:48:00 (86685 turns).

Inarius the Phalangite (Centaur Fighter)           Turns: 86685, Time: 04:48:01

Health: -11/266    AC: 34    Str: 42      XL:     27
Magic:  0/33       EV:  9    Int:  5 (7)  God:    the Shining One [******]
Gold:   7738       SH: 27    Dex: 13 (14) Spells: 26/26 levels left

rFire    + + +     SeeInvis .   b - +9 trishula (holy)
rCold    + . .     Gourm    .   W - +1 large shield {reflect}
rNeg     + + +     Faith    .   N - +9 plate armour of the Lich-sworn {rPois rF+ Dex+3}
rPois    +         Spirit   .   I - -2 hat of the Alchemist {rElec rPois rF+ rC+ rN+ MR+ rMut rCorr}
rElec    +         Reflect  +   R - +0 cloak of Istraniv {rN+ Str+3}
rCorr    +         Harm     .   k - +0 pair of gloves {Str+3}
rMut     +                      o - +4 centaur barding "Zonock" {Slay+3}
MR       +++++                  J - amulet "Dihoha" {Acrobat rElec rN+}
Stlth    ..........             l - ring of Xom's Whimsicality {rElec rPois rC- MR++ Str+2}
HPRegen  0.54/turn              F - ring "Biussef" {rPois rF+ rC+ Str+6}
MPRegen  0.23/turn

@: silence (expiring), slowed, glowing
A: large, hooves 3, blink, deformed body, deterioration 1, speed 2, low mp 1,
mutation resistance 1, sense surroundings 1, tough skin 3, weak 1
}: 5/15 runes: serpentine, barnacled, slimy, silver, abyssal
a: Blink, Renounce Religion


You were on level 5 of the Realm of Zot.
You worshipped the Shining One.
The Shining One was exalted by your worship.
You were not hungry.

You visited 12 branches of the dungeon, and saw 58 of its levels.
You visited the Abyss 3 times.
You also visited: Ossuary, Ice Cave, Wizlab and Desolation.

You collected 12521 gold pieces.
You spent 4783 gold pieces at shops.

Inventory:

Hand Weapons
 a - the +18 lance "Wyrmbane" {slay drac, rPois rF+ rC+ AC+3}
   (Okawaru gifted it to you on level 1 of the Orcish Mines)

   It affects your AC (+3).
   It protects you from fire.
   It protects you from cold.
   It protects you from poison.
 b - a +9 trishula of holy wrath (weapon)
Armour
 c - a +2 large shield of cold resistance
 k - a +0 pair of gloves of strength (worn)
 o - the +4 centaur barding "Zonock" (worn) {Slay+3}
   (You acquired it on level 1 of the Crypt)

   It affects your accuracy and damage with ranged weapons and melee attacks
   (+3).
 G - the +0 cloak of the Lumpy People {rC+ rCorr}
   (Okawaru gifted it to you on level 1 of the Lair of Beasts)

   It protects you from cold.
   It provides partial protection from all sources of acid and corrosion.
 I - the -2 hat of the Alchemist (worn) {rElec rPois rF+ rC+ rN+ MR+ rMut rCorr}
   (You found it in a wizard's laboratory)

   It protects you from fire.
   It protects you from cold.
   It insulates you from electricity.
   It protects you from poison.
   It protects you from negative energy.
   It affects your resistance to hostile enchantments.
   It provides partial protection from all sources of acid and corrosion.
   It protects you from mutation.
 N - the +9 plate armour of the Lich-sworn (worn) {rPois rF+ Dex+3}
   (You found it on level 1 of the Snake Pit)

   It affects your dexterity (+3).
   It protects you from fire.
   It protects you from poison.
 Q - the +1 centaur barding "Geqidaf" {+Fly rElec rC+ Dex+6}
   (You acquired it on level 1 of the Abyss)

   It affects your dexterity (+6).
   It protects you from cold.
   It insulates you from electricity.
   It lets you fly.
 R - the +0 cloak of Istraniv (worn) {rN+ Str+3}
   (You bought it in a shop on level 10 of the Dungeon)

   It affects your strength (+3).
   It protects you from negative energy.
 W - a +1 large shield of reflection (worn)
 X - +5 pearl dragon scales
 Y - a +4 centaur barding of fire resistance
Jewellery
 l - the ring of Xom's Whimsicality (left hand) {rElec rPois rC- MR++ Str+2}
   (You bought it in a shop on level 2 of the Orcish Mines)

   [ring of strength]

   It affects your strength (+2).
   It makes you vulnerable to cold.
   It insulates you from electricity.
   It protects you from poison.
   It affects your resistance to hostile enchantments.
 B - the amulet "Vipoh" {RegenMP rElec rN+}
   (You found it on level 1 of the Abyss)

   [amulet of magic regeneration]

   It increases your magic regeneration.
   It insulates you from electricity.
   It protects you from negative energy.
 F - the ring "Biussef" (right hand) {rPois rF+ rC+ Str+6}
   (You took it off an orc warrior on level 15 of the Dungeon)

   [ring of protection from cold]

   It affects your strength (+6).
   It protects you from fire.
   It protects you from cold.
   It protects you from poison.
 J - the amulet "Dihoha" (around neck) {Acrobat rElec rN+}
   (You found it in the Desolation of Salt)

   [amulet of the acrobat]

   It helps you evade while moving and waiting.
   It insulates you from electricity.
   It protects you from negative energy.
 M - the ring of Dim Light {EV+6 Dex+4}
   (You took it off a tengu warrior on level 4 of the Depths)

   [ring of evasion]

   It affects your evasion (+6).
   It affects your dexterity (+4).
 T - the ring of Vaam {rC+ rN+ MR++ Str-4 Int+3}
   (You found it on level 3 of the Crypt)

   [ring of positive energy]

   It affects your strength (-4).
   It affects your intelligence (+3).
   It protects you from cold.
   It protects you from negative energy.
   It affects your resistance to hostile enchantments.
 U - the ring "Ynugeil" {+Blink rN+ Str-2 Dex+8}
   (You found it on level 3 of the Crypt)

   [ring of positive energy]

   It affects your strength (-2).
   It affects your dexterity (+8).
   It protects you from negative energy.
   It lets you blink.
Wands
 r - a wand of enslavement (7)
 y - a wand of acid (24)
 L - a wand of digging (13)
 V - a wand of clouds (15)
Scrolls
 g - 6 scrolls of holy word
 i - 27 scrolls of remove curse
 m - 15 scrolls of teleportation
 n - 2 scrolls of silence
 p - 5 scrolls of fear
 t - 5 scrolls of summoning
 u - 3 scrolls of brand weapon
 C - 3 scrolls of fog
 E - 10 scrolls of identify
 P - 4 scrolls of blinking
Potions
 d - a potion of resistance
 e - 16 potions of curing
 j - 9 potions of heal wounds
 q - 17 potions of mutation
 s - 10 potions of flight
 w - 6 potions of berserk rage
 x - 2 potions of might
 z - 15 potions of haste
 H - 7 potions of agility
 K - 3 potions of cancellation
 O - 5 potions of magic
Miscellaneous
 h - a box of beasts
 S - 2 phantom mirrors
 Z - 2 sacks of spiders
Comestibles
 f - 95 rations


   Skills:
 + Level 25.0 Fighting
 * Level 26.8 Polearms
 + Level 13.3 Armour
 + Level 7.2 Dodging
 - Level 1.7 Stealth
 + Level 19.0 Shields
 + Level 19.7 Invocations
 * Level 15.0 Evocations


You had 26 spell levels left.
You didn't know any spells.
Your spell library contained the following spells:

 Spells                   Type           Power        Failure   Level  Hunger
 Animate Skeleton         Necr           N/A          89%         1    ##.....
 Apportation              Tloc           #.....       89%         1    ##.....
 Beastly Appendage        Tmut           #.....       89%         1    ##.....
 Confusing Touch          Hex            #.....       89%         1    ##.....
 Flame Tongue             Conj/Fire      #....        89%         1    ##.....
 Freeze                   Ice            #...         89%         1    ##.....
 Infusion                 Chrm           #...         89%         1    ##.....
 Magic Dart               Conj           #...         89%         1    ##.....
 Pain                     Necr           #...         89%         1    ##.....
 Shock                    Conj/Air       #...         89%         1    ##.....
 Sting                    Conj/Pois      #...         89%         1    ##.....
 Summon Butterflies       Summ           #.......     89%         1    ##.....
 Summon Small Mammal      Summ           #...         89%         1    ##.....
 Blink                    Tloc           N/A          96%         2    ###....
 Call Imp                 Summ           #.......     96%         2    ###....
 Corpse Rot               Necr           N/A          96%         2    ###....
 Ensorcelled Hibernation  Hex/Ice        #.....       96%         2    ###....
 Passwall                 Tmut/Erth      #.......     96%         2    ###....
 Poisonous Vapours        Pois/Air       #.....       96%         2    ###....
 Shroud of Golubria       Chrm/Tloc      #.........   96%         2    ###....
 Slow                     Hex            #.......     96%         2    ###....
 Song of Slaying          Chrm           #.......     96%         2    ###....
 Sticks to Snakes         Tmut           #.......     96%         2    ###....
 Sublimation of Blood     Necr           #.........   96%         2    ###....
 Swiftness                Chrm/Air       #.......     96%         2    ###....
 Throw Flame              Conj/Fire      #.....       96%         2    ###....
 Throw Frost              Conj/Ice       #.....       96%         2    ###....
 Call Canine Familiar     Summ           #.......     99%         3    ####...
 Confuse                  Hex            #.......     99%         3    ####...
 Conjure Flame            Conj/Fire      #.......     99%         3    ####...
 Dazzling Spray           Conj/Hex       #.....       99%         3    ####...
 Gell's Gravitas          Tloc           #.........   99%         3    ####...
 Inner Flame              Hex/Fire       #.......     99%         3    ####...
 Mephitic Cloud           Conj/Pois/Air  #.......     99%         3    ####...
 Ozocubu's Armour         Chrm/Ice       #.......     99%         3    ####...
 Recall                   Summ/Tloc      N/A          99%         3    ####...
 Regeneration             Chrm/Necr      #.........   99%         3    ####...
 Spectral Weapon          Hex/Chrm       #.......     99%         3    ####...
 Spider Form              Tmut/Pois      #.........   99%         3    ####...
 Static Discharge         Conj/Air       #.......     99%         3    ####...
 Stone Arrow              Conj/Erth      #.....       99%         3    ####...
 Summon Guardian Golem    Hex/Summ       #.......     99%         3    ####...
 Teleport Other           Tloc           #.......     99%         3    ####...
 Vampiric Draining        Necr           #.........   99%         3    ####...
 Airstrike                Air            #.........   100%        4    #####..
 Animate Dead             Necr           N/A          100%        4    #####..
 Force Lance              Conj/Tloc      #.......     100%        4    #####..
 Ice Form                 Ice/Tmut       #.......     100%        4    #####..
 Leda's Liquefaction      Hex/Erth       #.........   100%        4    #####..
 Olgreb's Toxic Radiance  Pois           #.......     100%        4    #####..
 Passage of Golubria      Tloc           N/A          100%        4    #####..
 Petrify                  Tmut/Erth      #.......     100%        4    #####..
 Sticky Flame             Conj/Fire      #.......     100%        4    #####..
 Summon Ice Beast         Ice/Summ       #.......     100%        4    #####..
 Summon Lightning Spire   Summ/Air       #.......     100%        4    #####..
 Throw Icicle             Conj/Ice       #.......     100%        4    #####..
 Agony                    Necr           #.......     100%        5    ######.
 Aura of Abjuration       Summ           #.........   100%        5    ######.
 Blade Hands              Tmut           #.........   100%        5    ######.
 Bolt of Draining         Conj/Necr      #.........   100%        5    ######.
 Bolt of Magma            Conj/Fire/Erth #.........   100%        5    ######.
 Dispel Undead            Necr           #.......     100%        5    ######.
 Excruciating Wounds      Chrm/Necr      #.........   100%        5    ######.
 Fireball                 Conj/Fire      #.........   100%        5    ######.
 Irradiate                Conj/Tmut      #.........   100%        5    ######.
 Iskenderun's Battlesphe  Conj/Chrm      #.......     100%        5    ######.
 Lee's Rapid Deconstruct  Erth           #.........   100%        5    ######.
 Lightning Bolt           Conj/Air       #.........   100%        5    ######.
 Metabolic Englaciation   Hex/Ice        #.........   100%        5    ######.
 Summon Demon             Summ           #.........   100%        5    ######.
 Summon Forest            Summ/Tloc      #.........   100%        5    ######.
 Summon Mana Viper        Hex/Summ       #.......     100%        5    ######.
 Venom Bolt               Conj/Pois      #.........   100%        5    ######.
 Yara's Violent Unravell  Hex/Tmut       #.........   100%        5    ######.
 Bolt of Cold             Conj/Ice       #.........   100%        6    #######
 Darkness                 Hex            #.........   100%        6    #######
 Deflect Missiles         Chrm/Air       #.........   100%        6    #######
 Freezing Cloud           Conj/Ice/Air   #.........   100%        6    #######
 Hydra Form               Tmut           #.........   100%        6    #######
 Invisibility             Hex            #.......     100%        6    #######
 Iron Shot                Conj/Erth      #.........   100%        6    #######
 Ozocubu's Refrigeration  Ice            #.........   100%        6    #######
 Simulacrum               Ice/Necr       #.........   100%        6    #######
 Statue Form              Tmut/Erth      #........    100%        6    #######
 Dragon Form              Tmut           #.........   100%        7    #######
 Haunt                    Necr/Summ      #.........   100%        7    #######
 Malign Gateway           Summ/Tloc      #.........   100%        7    #######
 Monstrous Menagerie      Summ           #.........   100%        7    #######
 Orb of Destruction       Conj           #.........   100%        7    #######
 Spellforged Servitor     Conj/Summ      #.........   100%        7    #######
 Summon Greater Demon     Summ           #.........   100%        7    #######
 Summon Hydra             Summ           #.........   100%        7    #######
 Ignition                 Fire           #.........   100%        8    #######
 Summon Horrible Things   Summ           #.........   100%        8    #######
 Dragon's Call            Summ           #.........   100%        9    #######
 Shatter                  Erth           #.........   100%        9    #######
 Tornado                  Air            #.........   100%        9    #######


Dungeon Overview and Level Annotations

Branches:
Dungeon (15/15)            Temple (1/1) D:7            Lair (6/6) D:10
 Shoals (4/4) Lair:4        Snake (4/4) Lair:2        Slime (5/5) Lair:5
    Orc (2/2) D:9             Elf (3/3) Orc:2        Vaults (5/5) D:13
  Crypt (3/3) Vaults:2       Tomb (0/3) Crypt:3      Depths (5/5) D:15
    Zot (5/5) Depths:5

Altars:
Ashenzari
Cheibriados
Dithmenos
Elyvilon
Fedhas
Gozag
Hepliaklqana
Kikubaaqudgha
Makhleb
Nemelex Xobeh
Okawaru
Qazlal
Ru
Sif Muna
Trog
Uskayaw
Wu Jian
Yredelemnul
Zin
The Shining One
Beogh
Jiyva

Shops:
D:10 [   D:11 [   Orc:1 =   Orc:2 (=(?!(*?[   Elf:2 !   Shoals:2 ?
Snake:2 ==}   Snake:4 (!!=   Vaults:1 (*[   Vaults:3 }   Depths:2 (
Depths:3 *

Portals:
Hell: Depths:1 Depths:2 Depths:3 Depths:4 Depths:5
Abyss: Depths:1 Depths:3 Depths:4
Pandemonium: Depths:3
Ziggurat: Depths:5

Annotations:
D:14 Nessos
Elf:2 1 transporter, Mimmaesch's ghost, adept SpEn
Abyss:1 Jorgrun


Innate Abilities, Weirdness & Mutations

You have hooves in place of feet.
Armour fits poorly on your strangely shaped body.
You cover ground very quickly.
You have extremely tough skin. (AC +3)
You can translocate small distances at will.
Your body sometimes deteriorates upon taking damage.
Your magical capacity is low. (-10% MP)
You are somewhat resistant to further mutation.
You passively map a small area around you.
You are weak. (Str -2)


Message History

* * * LOW HITPOINT WARNING * * *
The electric golem blinks!
The death cob hits you!
* * * LOW HITPOINT WARNING * * *
The death cob drains your vigour!
You feel as though you will be slow longer.
The Orb Guardian closely misses you. The Orb Guardian hits you!
* * * LOW HITPOINT WARNING * * *
The electric golem blinks!
You block the Orb Guardian's attack. The ghost moth stares at you.
You block the ghost moth's attack.
The ghost moth hits you but does no damage.
The ghost moth barely misses you. The death cob hits you.
* * * LOW HITPOINT WARNING * * *
The death cob drains your vigour!
You feel as though you will be slow longer.
You block the Orb Guardian's attack. The Orb Guardian hits you!
* * * LOW HITPOINT WARNING * * *
You block the ancient lich's attack.
The Killer Klown blinks!
The Orb Guardian hits you!!
You die...

..#* *,,,,,,,,,,,,,,,,.,,,*
...#**,,,,,,,,,,,.^[..^.,,*
#...#**,,,,,,,,,,.......,**
*#....**,,,,,,,,,.......**
*##..^,,,,,,,,,,.....^#*
*▓▓▓▓▓▓▓▓▓▓▓##.....▓▓
▓▓▓▓......WWWp.....▓*
##▓.........8zXX.$....**
*#........§..*L@X......,**
#.........§..XyX.......,,*
▓▓.....*.....§..§..^8...,,*
▓▓.....................^,**
.▓............^...§..^..**
.XX..*................^▓*
*▓...^..................**
▓▓.p....................,**
▓*,,,,,,,,,,,,,,,,,,,,,,,,*


You could see an orb of fire, a Killer Klown, 2 electric golems, an ancient
lich, a death cob, 5 Orb Guardians, a ghost moth (invisible), a freezing wraith
and 2 wraiths.

Vanquished Creatures
  3 ancient liches
  7 orbs of fire
  Mara (Snake:4)
  A juggernaut (Depths:3)
  Boris (twice) (Vaults:3 Depths:2)
  Saint Roka (Vaults:3)
  2 Killer Klowns (Zot:5)
  2 caustic shrikes
  12 golden dragons
  Xtahua (Vaults:3)
  Nikola (Shoals:1)
  2 profane servitors (Crypt:3)
  A mutant beast (WizLab)
  4 bone dragons
  5 electric golems
  18 tentacled monstrosities
  13 Orb Guardians (Zot:5)
  6 deep elf master archers
  3 liches
  Asterion (Vaults:1)
  7 deep elf blademasters
  9 quicksilver dragons
  An Executioner (Abyss:3)
  26 acid blobs
  Gastronok (D:9)
  10 tentacled starspawn
  11 death cobs
  8 sphinxes
  10 ancient champions (Crypt:3)
  19 titans
  7 draconian monks
  6 tengu reavers
  Agnes (D:15)
  11 storm dragons
  18 azure jellies
  7 nagarajas
  Donald (Vaults:3)
  4 revenants
  15 shadow dragons
  Roxanne (Snake:3)
  23 frost giants
  A daeva (Abyss:3)
  10 draconian scorchers
  8 deep elf sorcerers
  25 fire giants
  2 iron dragons (Vaults:5)
  A cacodemon (Depths:3)
  An orc warlord (Orc:2)
  Aizul (Snake:3)
  An imperial myrmidon (Desolation)
  A caustic shrike zombie (Crypt:1)
  4 ghouls (Crypt:3)
  2 balrugs
  6 draconian shifters
  6 draconian stormcallers
  3 ghost moths
  2 angels (Depths:5)
  6 draconian knights
  20 vault wardens
  15 ironheart preservers
  4 draconian annihilators
  4 spriggan defenders
  A war gargoyle (Vaults:5)
  45 very ugly things
  5 deep elf elementalists (Elf:3)
  A reaper (Crypt:3)
  A lorocyproca (Abyss:3)
  10 vampire knights
  3 entropy weavers (Abyss:3)
  An ophan (Abyss:3)
  31 stone giants
  8 deep elf demonologists
  19 green draconians
  2 halazid warlocks (Desolation)
  16 yellow draconians
  17 black draconians
  11 deep elf annihilators
  9 red draconians
  9 spark wasps
  The ghost of Xanleava the Nimble, a journeyman SpBe of Trog (Depths:1)
  16 purple draconians
  22 white draconians
  Snorg (Lair:3)
  3 eidola
  17 ettins
  3 merfolk javelineers
  A quicksilver dragon zombie (Abyss:3)
  9 jiangshi
  3 crystal guardians (Desolation)
  9 merfolk impalers
  17 deep elf death magi
  10 death oozes
  11 fire dragons
  8 ragged hierophants (Desolation)
  A mummy priest (Crypt:3)
  Josephine (Abyss:1)
  Erolcha (D:9)
  6 rakshasas
  8 deep elf high priests
  8 hydras
  18 naga warriors
  8 great orbs of eyes
  16 yaktaur captains
  38 vault guards
  8 ice dragons
  8 servants of whispers (Desolation)
  3 spriggan air magi (Depths:3)
  8 peacekeepers (Desolation)
  3 death knights
  68 two-headed ogres
  An alligator (Abyss:3)
  An alligator snapping turtle (Shoals:4)
  6 merfolk aquamancers
  5 centaur warriors
  Erica (D:9)
  4 satyrs
  3 merfolk avatars
  5 deep troll earth magi
  20 anacondas
  20 ogre magi
  6 deep troll shamans
  2 two-headed ogres (shapeshifter) (Depths:3)
  26 dancing weapons
  7 vampire magi
  A death yak (IceCv)
  3 hell hogs (Abyss:3)
  16 naga sharpshooters
  2 tengu warriors (Depths:4)
  28 deep elf knights
  A shock serpent (shapeshifter) (Vaults:5)
  14 shock serpents
  17 thrashing horrors
  8 spriggan berserkers
  4 soul eaters
  An iron golem (WizLab)
  A fire crab (shapeshifter) (Depths:2)
  2 sea snakes
  10 wretched stars
  A sun demon (Abyss:3)
  11 hell knights
  4 sixfirhies
  The ghost of Mgcat the Nimble, a novice SpBe of Trog (D:9)
  26 skeletal warriors
  5 salamander mystics (Snake:4)
  2 spatial maelstroms (Abyss:3)
  3 unseen horrors
  9 shadow wraiths
  28 starcursed masses
  3 glowing orange brains
  9 deep trolls
  26 deep elf archers
  7 wizards
  13 phantasmal warriors
  An infernal demonspawn (Depths:3)
  Pikel (D:3)
  An orange crystal statue (Zot:5)
  26 harpies
  A sphinx zombie (Depths:4)
  4 lindwurms (Snake:4)
  3 harpies (shapeshifter)
  9 orc knights
  5 naga ritualists
  12 necromancers
  An anaconda skeleton (Abyss:2)
  19 ironbrand convokers
  2 wolf spiders
  A wolf spider (shapeshifter) (Vaults:1)
  13 mana vipers
  2 orc sorcerers
  An orb spider (Abyss:2)
  9 shining eyes
  41 ugly things
  15 fauns
  87 deep elf magi
  An oklob plant (Lair:1)
  An orb spider (shapeshifter) (WizLab)
  9 cyclopes
  3 salamanders (shapeshifter) (WizLab)
  5 worldbinders
  31 moths of wrath
  8 salamanders
  7 manticores
  A frost giant zombie (Crypt:1)
  10 merfolk sirens
  3 ice statues
  3 stone giant skeletons
  A fire giant skeleton (Crypt:1)
  4 apocalypse crabs
  20 vault sentinels
  A dire elephant zombie (Crypt:3)
  14 guardian serpents
  9 elephants
  2 rust devils
  Joseph (D:8)
  29 black mambas
  3 guardian serpents (shapeshifter)
  5 water nymphs
  3 eyes of devastation (Slime:5)
  A spectral iron troll (Crypt:1)
  A torpor snail (D:13)
  A black mamba (shapeshifter) (WizLab)
  11 smoke demons
  A gargoyle (D:13)
  19 naga magi
  A dire elephant skeleton (Crypt:1)
  A spriggan skeleton (Depths:4)
  6 centaur skeletons
  2 hellions (Abyss:3)
  Psyche (D:8)
  3 orange demons
  A minotaur zombie (Crypt:1)
  7 komodo dragons
  A komodo dragon (shapeshifter) (Vaults:4)
  6 spiny frogs
  43 yaktaurs
  17 freezing wraiths
  5 spiny frogs (shapeshifter)
  3 kobold demonologists
  A swamp worm zombie (Crypt:3)
  A rime drake (IceCv)
  9 guardian mummies (Crypt:3)
  A yellow draconian skeleton (Crypt:2)
  3 spectral deep trolls (Crypt:1)
  14 ancient zymes
  2 demonic crawlers (Abyss:1)
  A red devil (Abyss:3)
  2 ice devils (Abyss:3)
  7 tengu conjurers
  3 tyrant leeches (D:13)
  A jumping spider (shapeshifter) (WizLab)
  30 merfolk
  9 trolls
  3 wind drakes (shapeshifter) (WizLab)
  5 hornets
  Prince Ribbit (D:8)
  2 meliai (D:14)
  A harpy zombie (Crypt:3)
  A hydra skeleton (Crypt:1)
  12 polar bears
  A hornet (shapeshifter) (Elf:3)
  A troll (shapeshifter) (Vaults:1)
  5 wind drakes
  3 bog bodies
  14 raiju
  3 blink frogs
  A raiju (shapeshifter) (WizLab)
  2 dream sheep (shapeshifter)
  2 stone giant simulacra (Crypt:1)
  82 slime creatures
  10 snapping turtles
  51 saltlings (Desolation)
  A blink frog (shapeshifter) (D:15)
  A fire dragon zombie (Crypt:1)
  A centaur simulacrum (D:15)
  A slime creature (shapeshifter) (Vaults:5)
  2 hippogriffs (shapeshifter) (WizLab)
  4 hippogriffs
  6 air elementals
  15 flying skulls
  3 shadows
  4 spriggans
  4 vampires
  21 water elementals
  An ettin skeleton (Abyss:3)
  A fire dragon skeleton (Crypt:3)
  A shapeshifter (Slime:3)
  2 wyverns (shapeshifter)
  10 wraiths
  4 fire elementals
  A tarantella (shapeshifter) (WizLab)
  16 golden eyes
  2 yaks (shapeshifter) (WizLab)
  5 ynoxinuls
  Grum (D:9)
  8 basilisks
  72 yaks
  A basilisk (shapeshifter) (WizLab)
  4 neqoxecs
  6 wyverns
  A hog (shapeshifter) (Vaults:5)
  A human (shapeshifter) (WizLab)
  6 vampire mosquitoes
  6 chaos spawn
  A yaktaur simulacrum (Vaults:3)
  A steam dragon (D:12)
  2 hungry ghosts
  8 wargs
  36 nagas
  2 hydra simulacra (Vaults:1)
  28 large abominations
  2 soldier ants (shapeshifter) (WizLab)
  A swamp worm (shapeshifter) (Vaults:1)
  An insubstantial wisp (Abyss:2)
  2 acid dragons
  A deep troll zombie (Crypt:3)
  4 swamp worms (D:13)
  10 water moccasins
  6 porcupines
  3 slaves (D:3)
  A fire dragon simulacrum (Vaults:1)
  6 floating eyes
  A manticore zombie (Crypt:1)
  A swamp drake (D:7)
  21 orc warriors
  2 sky beasts
  A black bear (shapeshifter) (WizLab)
  13 eyes of draining
  9 ice beasts
  40 ogres
  4 necrophages
  An eye of draining (shapeshifter) (WizLab)
  15 boggarts
  A boggart (shapeshifter) (WizLab)
  4 phantoms
  33 wolves
  A black mamba simulacrum (Vaults:1)
  A hog zombie (Crypt:1)
  A swamp dragon skeleton (Crypt:3)
  28 centaurs
  10 crocodiles
  2 elf zombies
  4 big kobolds
  14 bullfrogs
  A water moccasin zombie (Crypt:3)
  3 earth elementals
  A glowing shapeshifter simulacrum (Vaults:3)
  A draconian skeleton (Crypt:3)
  A hornet simulacrum (D:9)
  13 scorpions
  An elephant simulacrum (Vaults:1)
  A queen bee zombie (Crypt:1)
  A manticore simulacrum (Crypt:1)
  A swamp dragon simulacrum (Crypt:1)
  16 killer bees
  A yak zombie (Crypt:1)
  29 small abominations
  32 wights
  A human simulacrum (Vaults:1)
  4 electric eels
  A raiju skeleton (Crypt:2)
  6 crimson imps
  A wolf skeleton (Crypt:2)
  A howler monkey (D:6)
  4 quasits
  3 centaur zombies
  6 hounds
  5 human zombies
  11 jellies
  Crazy Yiuf (D:3)
  24 orc priests
  4 bullfrog skeletons
  2 bullfrog zombies
  An iguana (D:10)
  7 iron imps
  28 orc wizards
  Terence (D:3)
  Natasha (thrice) (D:3)
  9 worker ants
  A big kobold zombie (Ossuary)
  An acid dragon skeleton (Crypt:1)
  A demigod skeleton (Crypt:2)
  3 mummies (Ossuary)
  Robin (D:4)
  8 gnolls
  5 scorpion zombies (Ossuary)
  15 adders
  3 naga simulacra (Vaults:1)
  3 shadow imps
  9 white imps
  2 ufetubi
  An ooze (Lair:5)
  An adder zombie (D:5)
  3 worms
  A dart slug (D:2)
  2 leopard geckos
  99 orcs
  2 giant cockroaches
  5 gnoll zombies
  10 goblins
  8 hobgoblins
  10 jackals
  4 quokkas
  4 bats
  A goblin skeleton (Crypt:3)
  A goblin zombie (Crypt:2)
  A hobgoblin zombie (Ossuary)
  24 kobolds
  5 kobold zombies
  3 orc zombies (Ossuary)
  4 rats
  A rat zombie (Crypt:3)
  A river rat skeleton (Crypt:3)
  A bush (D:3)
  3 fungi
  A lurking horror (Abyss:3)
  5 plants
  12 starspawn tentacles
3158 creatures vanquished.

Vanquished Creatures (collateral kills)
  the Royal Jelly (Slime:5)
  An acid blob (Slime:5)
  2 azure jellies (Slime:5)
  A death ooze (Slime:5)
  A harpy (Shoals:2)
  A cyclops (Orc:2)
  A merfolk (Shoals:2)
  2 porcupines
  An ogre (Vaults:5)
  4 ice beasts (Orc:2)
15 creatures vanquished.

Vanquished Creatures (others)
  2 deep elf master archers
  A tengu reaver (Depths:3)
  A frost giant (Zot:2)
  An ironheart preserver (Vaults:3)
  A very ugly thing (Depths:3)
  6 stone giants
  A purple draconian (Zot:4)
  An ogre mage (Orc:1)
  4 yaktaur captains
  2 vault guards
  A catoblepas (Lair:5)
  A death yak (IceCv)
  2 deep elf knights
  A shadow wraith (Crypt:3)
  An unseen horror (D:15)
  An iron troll (D:13)
  A wizard (D:14)
  An orc knight (D:15)
  2 deep elf archers
  3 cyclopes
  8 elephants
  2 black mambas
  A centaur zombie (D:12)
  A dire elephant skeleton (Crypt:2)
  2 spiny frogs
  2 komodo dragons
  15 yaktaurs
  A kobold demonologist (D:14)
  2 trolls
  A meliai (D:14)
  A tyrant leech (D:13)
  3 polar bears (IceCv)
  A blink frog (Lair:3)
  4 hippogriffs
  4 slime creatures
  A wraith (D:14)
  A basilisk (Lair:4)
  7 yaks
  2 golden eyes (Abyss:3)
  A naga (Snake:4)
  A water moccasin (Snake:4)
  2 ice beasts
  8 orc warriors
  A slave (D:4)
  An ogre (D:12)
  4 wolves
  A bullfrog (Lair:5)
  A big kobold (D:15)
  4 scorpions (Ossuary)
  2 wights
  2 orc wizards
  A worker ant (D:4)
  2 adders (Snake:4)
  3 orcs
  A fire vortex (Depths:5)
  29 fungi
  A lurking horror (Abyss:2)
  21 plants
  18 starspawn tentacles
197 creatures vanquished.

Grand Total: 3370 creatures vanquished

Notes
Turn   | Place    | Note
-------+----------+-------------------------------------------
     0 | D:1      | Inarius the Centaur Fighter began the quest for the Orb.
     0 | D:1      | Reached XP level 1. HP: 19/19 MP: 1/1
   237 | D:1      | Reached XP level 2. HP: 26/26 MP: 2/2
   542 | D:2      | Reached skill level 2 in Polearms
   633 | D:2      | Reached XP level 3. HP: 17/31 MP: 3/3
   844 | D:2      | Found a basalt altar of Yredelemnul.
  1434 | D:3      | Reached skill level 3 in Polearms
  1434 | D:3      | Reached XP level 4. HP: 27/38 MP: 4/4
  1545 | D:3      | Noticed Terence
  1597 | D:3      | Killed Terence
  1838 | D:3      | Noticed Natasha
  1841 | D:3      | Killed Natasha
  1841 | D:3      | Reached XP level 5. HP: 41/45 MP: 5/5
  1936 | D:3      | Found an opulent altar of Gozag.
  2099 | D:3      | Noticed Natasha
  2105 | D:3      | Killed Natasha
  2136 | D:3      | Noticed Natasha
  2151 | D:3      | Killed Natasha
  2333 | D:3      | Found a runed translucent door.
  2334 | D:3      | Noticed Crazy Yiuf
  2368 | D:3      | Killed Crazy Yiuf
  2368 | D:3      | Reached skill level 4 in Polearms
  2368 | D:3      | Reached skill level 1 in Evocations
  2368 | D:3      | Reached XP level 6. HP: 48/52 MP: 6/6
  2448 | D:4      | Noticed Pikel
  2448 | D:4      | Noticed a slave
  2448 | D:4      | Noticed a slave
  2448 | D:4      | Noticed a slave
  2448 | D:4      | Noticed a slave
  2654 | D:3      | Killed a slave
  2666 | D:3      | Killed a slave
  2676 | D:3      | Killed a slave
  2679 | D:3      | Killed Pikel
  2679 | D:3      | Reached skill level 5 in Polearms
  2679 | D:3      | Reached skill level 1 in Dodging
  2679 | D:3      | Reached XP level 7. HP: 41/59 MP: 6/8
  3260 | D:4      | Noticed Robin
  3267 | D:4      | Reached XP level 8. HP: 67/67 MP: 9/9
  3274 | D:4      | Killed Robin
  3286 | D:4      | Found a glowing silver altar of Zin.
  3292 | D:4      | Found a glowing golden altar of the Shining One.
  3293 | D:4      | Found a white marble altar of Elyvilon.
  3348 | D:4      | Found a stormy altar of Qazlal.
  3380 | D:5      | Entered Level 5 of the Dungeon
  3630 | D:5      | Found a sand-covered staircase.
  3634 | Ossuary  | Entered an ossuary
  3659 | Ossuary  | Reached skill level 6 in Polearms
  3935 | Ossuary  | Reached skill level 7 in Polearms
  4469 | D:5      | Reached XP level 9. HP: 69/72 MP: 11/11
  4492 | D:5      | Found a burning altar of Makhleb.
  4707 | D:6      | Reached skill level 8 in Polearms
  5900 | D:6      | Identified the +0 ring mail "Sieco" {Str+2 Dex+5} (You
                  | found it on level 6 of the Dungeon)
  6499 | D:7      | Found a shadowy altar of Dithmenos.
  6509 | D:7      | Found a staircase to the Ecumenical Temple.
  6519 | Temple   | Entered the Ecumenical Temple
  6549 | Temple   | Became a worshipper of Warmaster Okawaru
  6749 | D:7      | Reached skill level 9 in Polearms
  6920 | D:7      | Found an ancient bone altar of Kikubaaqudgha.
  6943 | D:7      | Reached skill level 1 in Invocations
  7011 | D:7      | Found a shadowy altar of Dithmenos.
  7098 | D:8      | Found a deep blue altar of Sif Muna.
  7115 | D:8      | Reached skill level 5 in Fighting
  7140 | D:8      | Noticed Prince Ribbit
  7158 | D:8      | Killed Prince Ribbit
  7331 | D:8      | Reached * piety under Okawaru
  7694 | D:8      | Noticed Psyche
  7872 | D:8      | Noticed Joseph
  8014 | D:8      | Killed Psyche
  8014 | D:8      | Reached XP level 10. HP: 58/81 MP: 10/13
  9602 | D:8      | Killed Joseph
  9773 | D:9      | Reached skill level 1 in Stealth
  9911 | D:9      | Found a runed translucent gate.
  9912 | D:9      | Found a runed translucent gate.
  9913 | D:9      | Found a runed translucent gate.
  9924 | D:9      | Noticed Gastronok
 10179 | D:9      | Killed Gastronok
 10179 | D:9      | Reached ** piety under Okawaru
 10179 | D:9      | Reached *** piety under Okawaru
 10179 | D:9      | Reached skill level 10 in Polearms
 10304 | D:9      | Reached skill level 5 in Evocations
 10595 | D:9      | Noticed Grum
 10623 | D:9      | Killed Grum
 10835 | D:9      | Found a bloodstained altar of Trog.
 10836 | D:9      | Found a blossoming altar of Fedhas.
 10911 | D:9      | Reached **** piety under Okawaru
 11061 | D:9      | Reached XP level 11. HP: 30/89 MP: 14/14
 11455 | D:9      | Noticed Mgcat's ghost (novice SpBe)
 11462 | D:9      | Found a staircase to the Orcish Mines.
 11512 | D:9      | Noticed Erica
 11576 | D:9      | Killed Erica
 11576 | D:9      | Reached skill level 5 in Armour
 11576 | D:9      | Reached skill level 5 in Invocations
 11932 | D:9      | Noticed Erolcha
 11977 | D:10     | Entered Level 10 of the Dungeon
 11977 | D:10     | Found Nare's Antique Armour Boutique.
 12004 | D:10     | Bought an ichor-stained cloak for 294 gold pieces
 12014 | D:10     | Identified the cursed +0 cloak of Istraniv {rN+ Str+3} (You
                  | bought it in a shop on level 10 of the Dungeon)
 12035 | D:10     | Identified the +12 war axe "Xuiss" {pain, rN+ Int+4} (You
                  | found it on level 10 of the Dungeon)
 12162 | D:10     | Reached ***** piety under Okawaru
 12170 | D:10     | Reached skill level 11 in Polearms
 12829 | D:10     | Found a staircase to the Lair.
 13164 | D:10     | Reached skill level 5 in Shields
 13381 | D:11     | Found a basalt altar of Yredelemnul.
 13424 | D:11     | Noticed a two-headed ogre
 13444 | D:11     | Killed a two-headed ogre
 13737 | D:11     | Received a gift from Okawaru
 13898 | D:11     | Noticed a two-headed ogre
 13920 | D:11     | Killed a two-headed ogre
 13963 | D:11     | Found Korghoh's Armour Shoppe.
 14030 | D:11     | Noticed a red ugly thing
 14037 | D:11     | Killed a red ugly thing
 14037 | D:11     | Reached skill level 12 in Polearms
 14344 | D:12     | Reached XP level 12. HP: 89/96 MP: 16/16
 14400 | D:11     | Found a white marble altar of Elyvilon.
 14649 | D:12     | Noticed a two-headed ogre
 14841 | Lair:1   | Entered Level 1 of the Lair of Beasts
 15025 | Lair:1   | Noticed an eight-headed hydra
 15073 | Lair:1   | Killed an eight-headed hydra
 15073 | Lair:1   | Received a gift from Okawaru
 15076 | Lair:1   | Got an encrusted cloak {god gift}
 15088 | Lair:1   | Identified the +0 cloak of the Lumpy People {rC+ rCorr}
                  | (Okawaru gifted it to you on level 1 of the Lair of Beasts)
 17083 | Lair:2   | Reached skill level 13 in Polearms
 17643 | Lair:2   | Found a staircase to the Snake Pit.
 18012 | Lair:3   | Noticed a four-headed hydra
 18022 | Lair:3   | Killed a four-headed hydra
 18024 | Lair:3   | Noticed a seven-headed hydra
 18038 | Lair:3   | Killed a seven-headed hydra
 18152 | Lair:3   | You fall through a shaft for 3 floors!
 18152 | Lair:6   | Entered Level 6 of the Lair of Beasts
 18205 | Lair:5   | Noticed a five-headed hydra
 18214 | Lair:5   | Killed a five-headed hydra
 18285 | Lair:5   | Noticed a six-headed hydra
 18292 | Lair:5   | Killed a six-headed hydra
 18292 | Lair:5   | Reached XP level 13. HP: 96/105 MP: 18/18
 18305 | Lair:5   | Found an ancient bone altar of Kikubaaqudgha.
 18489 | Lair:4   | Reached ****** piety under Okawaru
 18706 | Lair:4   | Received a gift from Okawaru
 18815 | Lair:4   | Found a staircase to the Shoals.
 19852 | Lair:3   | Noticed Snorg
 19877 | Lair:3   | Killed Snorg
 20478 | D:11     | Bought a +0 centaur barding for 299 gold pieces
 20828 | Lair:5   | Found a staircase to the Slime Pits.
 21814 | Lair:6   | Received a gift from Okawaru
 21837 | Lair:6   | Reached skill level 14 in Polearms
 22741 | Orc:1    | Entered Level 1 of the Orcish Mines
 22741 | Orc:1    | Found a roughly hewn altar of Beogh.
 23288 | D:9      | Killed Erolcha
 23355 | Orc:1    | Reached XP level 14. HP: 114/116 MP: 20/20
 23386 | Orc:1    | Found Caghiqa's Jewellery Boutique.
 23395 | Orc:1    | Noticed a stone giant
 23454 | Orc:1    | Received a gift from Okawaru
 23455 | Orc:1    | Found the +8 lance "Wyrmbane" {slay drac, rPois rF+ rC+
                  | AC+3}
 23885 | Orc:2    | Entered Level 2 of the Orcish Mines
 23885 | Orc:2    | Found Ixunih's Magic Scroll Shoppe.
 23885 | Orc:2    | Found Ceischof's Distillery.
 23894 | Orc:2    | Found Peagigil's Antique Weapon Shop.
 23931 | Orc:2    | Found Datepnam's General Store.
 23933 | Orc:2    | Noticed a stone giant
 23981 | Orc:2    | Killed a stone giant
 23990 | Orc:2    | Found a staircase to the Elven Halls.
 24037 | Orc:2    | Found Bimm's Antique Armour Shop.
 24040 | Orc:2    | Noticed a stone giant
 24052 | Orc:2    | Killed a stone giant
 24093 | Orc:2    | Found a frozen archway.
 24117 | IceCv    | Entered an ice cave
 24558 | IceCv    | Received a gift from Okawaru
 24981 | IceCv    | Noticed a frost giant
 24998 | IceCv    | Killed a frost giant
 25013 | IceCv    | Got a faintly humming troll leather armour
 25024 | IceCv    | Identified the +4 troll leather armour "Mani" {rElec rF++
                  | Regen+} (You found it in an ice cave)
 25297 | IceCv    | Reached skill level 10 in Invocations
 25528 | Orc:2    | Found Emopn's Magic Scroll Shop.
 25591 | Orc:2    | Noticed an orc warlord
 25621 | Orc:2    | Killed an orc warlord
 25627 | Orc:2    | Received a gift from Okawaru
 25724 | Orc:2    | Found Tioczuv's Jewellery Emporium.
 25865 | Orc:2    | Bought 2 potions of heal wounds for 140 gold pieces
 26115 | Orc:2    | Found Mid Amix's Antique Weapon Shoppe.
 26178 | Orc:2    | Found Mauttown's Weapon Shop.
 26529 | Orc:1    | Reached skill level 5 in Dodging
 26804 | Orc:1    | Banished a stone giant
 27206 | D:12     | Found a sparkling altar of Nemelex Xobeh.
 27827 | D:12     | Reached XP level 15. HP: 125/125 MP: 23/23
 28379 | D:13     | You fall through a shaft for 2 floors!
 28379 | D:15     | Entered Level 15 of the Dungeon
 28446 | D:15     | Noticed a fire giant
 28562 | D:15     | Found a staircase to the Depths.
 28645 | D:15     | Reached skill level 15 in Polearms
 28879 | D:13     | Noticed Jorgrun
 28880 | D:13     | Banished Jorgrun
 29043 | D:13     | Received a gift from Okawaru
 29595 | D:13     | Reached skill level 10 in Fighting
 29615 | D:13     | Found a gate to the Vaults.
 29660 | D:13     | Identified the +8 short sword "Gifelid" {antimagic, Int+5}
 30436 | D:14     | Noticed Josephine
 30457 | D:14     | Banished Josephine
 30767 | D:14     | Noticed Nessos
 30822 | D:15     | Killed a fire giant
 30822 | D:15     | Received a gift from Okawaru
 31049 | D:15     | Identified the ring "Biussef" {rPois rF+ rC+ Str+6}
 31234 | D:15     | Received a gift from Okawaru
 31572 | D:15     | Noticed Agnes
 31580 | D:15     | Killed Agnes
 32158 | Orc:2    | Bought the ring of Xom's Whimsicality {rElec rPois rC- MR++
                  | Str+2} for 352 gold pieces
 32446 | Orc:2    | Bought a scroll of blinking for 120 gold pieces
 32446 | Orc:2    | Bought 2 scrolls of enchant armour for 240 gold pieces
 32446 | Orc:2    | Bought a scroll of teleportation for 48 gold pieces
 32463 | Orc:2    | Bought a scroll of summoning for 152 gold pieces
 32463 | Orc:2    | Bought a scroll of identify for 32 gold pieces
 32496 | Orc:2    | Reached XP level 16. HP: 124/136 MP: 24/24
 32505 | Orc:2    | Bought a scroll of identify for 24 gold pieces
 32505 | Orc:2    | Bought a scroll of identify for 24 gold pieces
 32505 | Orc:2    | Bought a scroll of summoning for 114 gold pieces
 32505 | Orc:2    | Bought a scroll of enchant armour for 90 gold pieces
 32524 | Orc:2    | Upgraded the game from 0.24-a0-333-g864f2b5 to
                  | 0.24-a0-335-g06ca16a
 32747 | Snake:1  | Entered Level 1 of the Snake Pit
 32796 | Snake:1  | Identified the +9 plate armour of the Lich-sworn {rPois rF+
                  | Dex+3} (You found it on level 1 of the Snake Pit)
 32900 | Snake:1  | Reached skill level 16 in Polearms
 33315 | Snake:1  | Received a gift from Okawaru
 33927 | Snake:2  | Found Latuuleahe's Gadget Boutique.
 33927 | Snake:2  | Found Fironof's Jewellery Emporium.
 33928 | Snake:2  | Found Rets's Jewellery Emporium.
 34574 | Snake:2  | Received a gift from Okawaru
 35196 | Snake:3  | Noticed Aizul
 35222 | Snake:3  | Killed Aizul
 35507 | Snake:3  | Noticed Roxanne
 35995 | Snake:3  | Reached XP level 17. HP: 127/146 MP: 25/25
 36160 | Snake:3  | Killed Roxanne
 36160 | Snake:3  | Received a gift from Okawaru
 36437 | Shoals:1 | Entered Level 1 of the Shoals
 36502 | Shoals:1 | Reached skill level 10 in Shields
 36665 | Shoals:1 | Noticed Nikola
 36689 | Shoals:1 | Killed Nikola
 37192 | Shoals:2 | Reached skill level 17 in Polearms
 37482 | Shoals:2 | Received a gift from Okawaru
 37485 | Shoals:2 | Identified the +6 lajatang of Tender Mercy {speed, rN++}
                  | (Okawaru gifted it to you on level 2 of the Shoals)
 37711 | Shoals:2 | Found Ginoirgh's Magic Scroll Shoppe.
 37738 | Shoals:2 | Bought a scroll of identify for 22 gold pieces
 37738 | Shoals:2 | Bought a scroll of identify for 22 gold pieces
 37738 | Shoals:2 | Bought a scroll of identify for 22 gold pieces
 37738 | Shoals:2 | Bought a scroll of identify for 22 gold pieces
 38785 | Shoals:3 | Found a glowing golden altar of the Shining One.
 38894 | Shoals:4 | Entered Level 4 of the Shoals
 39295 | Shoals:4 | Got an ancient lapis lazuli ring
 39296 | Shoals:4 | Identified the ring of Birdsong {+Fly Int+2 SInv} (You
                  | found it on level 4 of the Shoals)
 39431 | Shoals:4 | Received a gift from Okawaru
 39517 | Shoals:4 | Identified the +9 quick blade of Defence by Offence {pain,
                  | Int+4} (You found it on level 4 of the Shoals)
 40326 | Shoals:4 | Got a barnacled rune of Zot
 40811 | D:13     | Reached XP level 18. HP: 155/158 MP: 27/27
 40845 | Vaults:1 | Entered Level 1 of the Vaults
 41570 | Vaults:1 | Noticed Asterion
 41585 | Vaults:1 | Killed Asterion
 41591 | Vaults:1 | Received a gift from Okawaru
 42075 | Vaults:1 | Found Gozag's Antique Weapon Shoppe.
 42076 | Vaults:1 | Found an opulent altar of Gozag.
 42081 | Vaults:1 | Found Gozag's Antique Armour Emporium.
 42127 | Vaults:1 | Found Gozag's Assorted Antiques.
 42253 | Vaults:1 | Bought a scroll labeled TALEGUIFIC for 100 gold pieces
 42253 | Vaults:1 | Bought an ancient ivory ring for 500 gold pieces
 42254 | Vaults:1 | Identified the ring "Qig Far" {rF+ rC+ rCorr} (You bought
                  | it in a shop on level 1 of the Vaults)
 42270 | Vaults:1 | Received a gift from Okawaru
 42316 | Vaults:1 | Reached skill level 18 in Polearms
 42316 | Vaults:1 | Reached XP level 19. HP: 168/168 MP: 28/28
 42559 | Vaults:1 | Cast into level 2 of the Abyss (a wizard)
 42559 | Abyss:2  | Found a corrupted altar of Lugonu.
 42875 | Abyss:2  | Found a corrupted altar of Lugonu.
 43311 | Abyss:2  | Got a bloodstained chain mail
 43314 | Vaults:1 | Escaped the Abyss
 43332 | Vaults:1 | Identified the +6 chain mail "Xapseerr" {Slay+5} (You found
                  | it on level 2 of the Abyss)
 43569 | Vaults:1 | Identified the Papyrus of Snow
 43946 | D:9      | Killed Mgcat's ghost
 43976 | D:9      | Identified the Almanac of Clay and the Birds
 44057 | Elf:1    | Entered Level 1 of the Elven Halls
 44406 | Elf:1    | Reached XP level 20. HP: 176/177 MP: 29/29
 44468 | Elf:1    | Reached skill level 15 in Fighting
 45313 | Snake:4  | Entered Level 4 of the Snake Pit
 45584 | Snake:4  | Found Zaon's Jewellery Shoppe.
 45587 | Snake:4  | Found Wutish's Distillery.
 45587 | Snake:4  | Found Qeteck's Distillery.
 45590 | Snake:4  | Found Loumnig's Antique Weapon Emporium.
 45601 | Snake:4  | Bought a potion of heal wounds for 90 gold pieces
 45601 | Snake:4  | Bought a potion of haste for 180 gold pieces
 45601 | Snake:4  | Bought a potion of haste for 180 gold pieces
 45601 | Snake:4  | Bought a potion of heal wounds for 90 gold pieces
 45601 | Snake:4  | Bought a potion of might for 72 gold pieces
 45601 | Snake:4  | Bought a potion of might for 72 gold pieces
 45937 | Snake:4  | Noticed Mara
 45939 | Snake:4  | Noticed Inarius's illusion
 45945 | Snake:4  | Received a gift from Okawaru
 46276 | Snake:4  | Killed Mara
 46427 | Snake:4  | Reached skill level 19 in Polearms
 47234 | Snake:4  | Got a serpentine rune of Zot
 47422 | Snake:2  | Bought a +4 amulet of reflection for 432 gold pieces
 47429 | Snake:2  | Bought the ring "Cyfuxty" {rF++ rC- rN+ Dex+5} for 960 gold
                  | pieces
 47805 | Vaults:2 | Identified a scroll of acquirement
 47855 | Vaults:2 | Received a gift from Okawaru
 47868 | Vaults:2 | Identified the +5 spear of Defiance {flame, rC- Int+7 Dex+2
                  | Stlth+} (Okawaru gifted it to you on level 2 of the Vaults)
 48199 | Vaults:2 | Found a staircase to the Crypt.
 48293 | Vaults:2 | Reached XP level 21. HP: 119/188 MP: 31/31
 49139 | Vaults:3 | Received a gift from Okawaru
 49147 | Vaults:3 | Got a slimy trident {god gift}
 49151 | Vaults:3 | Identified the +1 trident of Anarchy {freeze, *Noise rPois
                  | rN+ MR+} (Okawaru gifted it to you on level 3 of the
                  | Vaults)
 49229 | Vaults:3 | Noticed Boris
 49241 | Vaults:3 | Killed Boris
 49341 | Vaults:3 | Noticed Donald
 49357 | Vaults:3 | Killed Donald
 49794 | Vaults:3 | Found Jury's Gadget Shop.
 50163 | Vaults:3 | Noticed Xtahua
 50274 | Vaults:3 | Received a gift from Okawaru
 50434 | Vaults:3 | Noticed Saint Roka
 50449 | Vaults:3 | Killed Saint Roka
 51077 | Vaults:3 | Received a gift from Okawaru
 51620 | Elf:2    | Found a transporter.
 51632 | Elf:2    | Found Tyonuesch's Distillery.
 51657 | Elf:2    | Found a ruined gateway.
 51701 | Desolati | Entered the Desolation of Salt
 52010 | Desolati | Identified the Collected Works on the Gliding Rocks
 52024 | Desolati | Identified the Collected Works on Earth and Weightlessness
 52028 | Desolati | Identified Ugeur's Catalogue of Mutagenic Attacks
 52103 | Desolati | Reached skill level 20 in Polearms
 52132 | Desolati | Received a gift from Okawaru
 52134 | Desolati | Reached XP level 22. HP: 148/200 MP: 32/32
 52236 | Desolati | Identified the ring of Xom's Condemnation {Int+3 Slay+3}
 52261 | Desolati | Identified the ring of Moostum {rCorr Str+3 Stlth+} (You
                  | found it in the Desolation of Salt)
 52264 | Desolati | Identified the Tome of the Farrier
 52275 | Desolati | Identified the +7 halberd of the Volcano {antimagic, +Inv
                  | rF+++ rC- Dex-2} (You found it in the Desolation of Salt)
 52507 | Desolati | Found the +5 robe of Misfortune {*Contam Harm *Corrode
                  | *Drain *Slow EV+5}
 52509 | Desolati | Identified the Collected Works on Calling
 52514 | Desolati | Identified the amulet "Dihoha" {Acrobat rElec rN+} (You
                  | found it in the Desolation of Salt)
 52520 | Desolati | Identified the ring "Valiet" {+Fly Int+4 Dex+5} (You found
                  | it in the Desolation of Salt)
 52927 | Elf:2    | Bought a potion of heal wounds for 90 gold pieces
 52941 | Elf:2    | Found a bloodstained altar of Trog.
 52963 | Elf:2    | Identified the +6 quick blade of Legar {antimagic, Str-2
                  | Int+6 Dex+3 Stlth-}
 52963 | Elf:2    | Identified the +3 rapier of Okawaru's Wrath {freeze, +Fly
                  | rPois Str+6 Int-2}
 52963 | Elf:2    | Noticed Mimmaesch's ghost (adept SpEn)
 52963 | Elf:2    | Found a transporter.
 52964 | Elf:2    | Identified the +4 longbow of the Countless Allies {flame,
                  | +Inv rElec Str-5 Dex+5}
 52974 | Elf:2    | HP: 1/200 [deep elf blademaster/the +6 quick blade of Legar
                  | {antimagic, Str-2 Int+6 Dex+3 Stlth-} (18)]
 53471 | Elf:2    | Received a gift from Okawaru
 53632 | Elf:2    | Found a runed translucent gate.
 53632 | Elf:2    | Found a runed translucent gate.
 53632 | Elf:2    | Found a runed translucent gate.
 54211 | Elf:3    | Entered Level 3 of the Elven Halls
 54338 | Elf:3    | Found a magical portal.
 54349 | WizLab   | Entered Cigotuvi's Fleshworks
 54429 | WizLab   | Reached skill level 15 in Invocations
 54474 | WizLab   | Gained mutation: You are occasionally teleported next to
                  | monsters. [mutagenic glow]
 54475 | WizLab   | Lost mutation: You are occasionally teleported next to
                  | monsters. [potion of mutation]
 54475 | WizLab   | Gained mutation: Your body sometimes deteriorates upon
                  | taking damage. [potion of mutation]
 54475 | WizLab   | Gained mutation: You are partially covered in large bone
                  | plates. (SH +4) [potion of mutation]
 54590 | WizLab   | Paralysed by a floating eye for 2 turns
 54608 | WizLab   | Found the -2 hat of the Alchemist {rElec rPois rF+ rC+ rN+
                  | MR+ rMut rCorr}
 54652 | WizLab   | Paralysed by a floating eye for 2 turns
 54736 | WizLab   | Identified Cigotuvi's Tome of Changing and Darkness
 55194 | Elf:3    | Received a gift from Okawaru
 55378 | Elf:3    | Identified the +5 falchion "Earthworm" {freeze, rN+ Str+4
                  | Int+2}
 55740 | Elf:3    | Reached XP level 23. HP: 202/210 MP: 34/34
 55980 | Elf:3    | Identified the Collected Works on the Congealing Arsonist
 56036 | Elf:3    | Identified the Collected Works on Supportive Ice
 56068 | Elf:3    | Received a gift from Okawaru
 57075 | Vaults:4 | Reached skill level 10 in Armour
 57733 | Vaults:4 | Reached skill level 21 in Polearms
 58389 | Vaults:4 | Received a gift from Okawaru
 58401 | Vaults:4 | Got a bloodstained chain mail {god gift}
 58420 | Vaults:4 | Identified the +1 chain mail "Fiafufuno" {rN+ Dex+2}
                  | (Okawaru gifted it to you on level 4 of the Vaults)
 58993 | Depths:1 | Entered Level 1 of the Depths
 59128 | Depths:1 | Found a runed translucent door.
 59128 | Depths:1 | Noticed Xanleava's ghost (journeyman SpBe)
 59435 | Depths:1 | Found a gateway to Hell.
 59578 | Depths:1 | Found a one-way gate to the infinite horrors of the Abyss.
 59747 | Depths:2 | Found Paph's Weapon Shop.
 60380 | Depths:2 | Noticed Boris
 60396 | Depths:2 | Killed Boris
 60791 | Depths:2 | Reached XP level 24. HP: 222/222 MP: 35/35
 61461 | Depths:3 | Received a gift from Okawaru
 61464 | Depths:3 | Identified the +0 hat of Disaster {rC- Str+4} (Okawaru
                  | gifted it to you on level 3 of the Depths)
 61702 | Depths:3 | Noticed a juggernaut
 61717 | Depths:3 | Killed a juggernaut
 61909 | Depths:3 | Found a one-way gate leading to the halls of Pandemonium.
 62252 | Depths:3 | Found Afaqa's Demolitions Depot.
 62589 | Depths:3 | Received a gift from Okawaru
 62950 | Depths:3 | Reached skill level 22 in Polearms
 62961 | Depths:3 | Reached skill level 15 in Shields
 63054 | Depths:3 | Identified the +2 scale mail "Jeamegifo" {Int+4} (You found
                  | it on level 3 of the Depths)
 63653 | Depths:4 | Reached XP level 25. HP: 233/233 MP: 36/36
 64128 | Depths:4 | Identified the ring of Dim Light {EV+6 Dex+4}
 64525 | Depths:5 | Entered Level 5 of the Depths
 64672 | Depths:5 | Received a gift from Okawaru
 65558 | Vaults:3 | Killed Xtahua
 65852 | Depths:5 | Found a gate to the Realm of Zot.
 66108 | Depths:5 | Found a gateway to a ziggurat.
 66590 | Crypt:1  | Entered Level 1 of the Crypt
 67135 | Crypt:1  | Got a shimmering centaur barding
 67136 | Crypt:1  | Identified the +4 centaur barding "Zonock" {Slay+3} (You
                  | acquired it on level 1 of the Crypt)
 68040 | Crypt:2  | Found an ancient bone altar of Kikubaaqudgha.
 68656 | Crypt:3  | Entered Level 3 of the Crypt
 68695 | Crypt:3  | Received a gift from Okawaru
 69015 | Crypt:3  | Reached XP level 26. HP: 214/245 MP: 36/36
 69426 | Crypt:3  | Found a staircase to the Tomb.
 69788 | Crypt:3  | Reached skill level 23 in Polearms
 69802 | Crypt:3  | Found an ancient bone altar of Kikubaaqudgha.
 69808 | Crypt:3  | Found a basalt altar of Yredelemnul.
 69863 | Crypt:3  | Identified the Papyrus of Evil Rituals
 69866 | Crypt:3  | Identified the +0 cloak of Space {*Slow Dex+2 Stlth+} (You
                  | found it on level 3 of the Crypt)
 69906 | Crypt:3  | Got a pitted pewter ring
 69930 | Crypt:3  | Identified the ring "Ynugeil" {+Blink rN+ Str-2 Dex+8} (You
                  | found it on level 3 of the Crypt)
 69934 | Crypt:3  | Got an ancient brass ring
 69935 | Crypt:3  | Identified the ring "Hileory" {rN+ MR+ Str+2} (You found it
                  | on level 3 of the Crypt)
 69936 | Crypt:3  | Identified the ring of Vaam {rC+ rN+ MR++ Str-4 Int+3} (You
                  | found it on level 3 of the Crypt)
 70181 | Vaults:5 | Entered Level 5 of the Vaults
 70276 | Vaults:5 | Received a gift from Okawaru
 71052 | Vaults:5 | Identified the ring of Nuorph {MR+ rCorr Int+4 Dex+3}
 71055 | Vaults:5 | Received a gift from Okawaru
 71167 | Vaults:5 | Reached skill level 10 in Evocations
 71316 | Vaults:5 | Identified the +1 dagger of the Final Chapter {flame, *Rage
                  | rPois rF+ rN+}
 71543 | Vaults:5 | Got a silver rune of Zot
 71641 | Vaults:5 | Identified the +7 hand axe of Qaas {drain, rF- Dex+5}
 71800 | Vaults:5 | Reached XP level 27. HP: 253/256 MP: 36/36
 72069 | Vaults:5 | Received a gift from Okawaru
 72311 | Vaults:5 | Noticed an ancient lich
 72319 | Vaults:5 | Killed an ancient lich
 72509 | Vaults:5 | Identified the +7 chain mail of Disguise {rElec rPois rF-
                  | rC-} (You found it on level 5 of the Vaults)
 72934 | Depths:1 | Killed Xanleava's ghost
 73349 | Slime:1  | Entered Level 1 of the Pits of Slime
 73456 | Slime:2  | Gained mutation: Scrolls take you a little longer to read.
                  | [a shining eye]
 73835 | Slime:2  | Lost mutation: Your body sometimes deteriorates upon taking
                  | damage. [potion of mutation]
 73835 | Slime:2  | Lost mutation: Scrolls take you a little longer to read.
                  | [potion of mutation]
 73835 | Slime:2  | Lost mutation: You are partially covered in large bone
                  | plates. (SH +4) [potion of mutation]
 73835 | Slime:2  | Gained mutation: Scrolls take you a little longer to read.
                  | [potion of mutation]
 73835 | Slime:2  | Gained mutation: You are dopey. (Int -2) [potion of
                  | mutation]
 73835 | Slime:2  | Gained mutation: You are surrounded by a mild repulsion
                  | field. (EV +2) [potion of mutation]
 73836 | Slime:2  | Lost mutation: Scrolls take you a little longer to read.
                  | [potion of mutation]
 73836 | Slime:2  | Lost mutation: You are dopey. (Int -2) [potion of mutation]
 73836 | Slime:2  | Lost mutation: You are surrounded by a mild repulsion
                  | field. (EV +2) [potion of mutation]
 73836 | Slime:2  | Gained mutation: You are frail. (-10% HP) [potion of
                  | mutation]
 73836 | Slime:2  | Gained mutation: You are agile. (Dex +2) [potion of
                  | mutation]
 73836 | Slime:2  | Gained mutation: You are occasionally teleported next to
                  | monsters. [potion of mutation]
 73836 | Slime:2  | Gained mutation: You have supernaturally acute eyesight.
                  | (SInv) [potion of mutation]
 73837 | Slime:2  | Lost mutation: You are occasionally teleported next to
                  | monsters. [potion of mutation]
 73837 | Slime:2  | Lost mutation: You are agile. (Dex +2) [potion of mutation]
 73837 | Slime:2  | Lost mutation: You have supernaturally acute eyesight.
                  | (SInv) [potion of mutation]
 73837 | Slime:2  | Gained mutation: You are weak. (Str -2) [potion of
                  | mutation]
 73837 | Slime:2  | Gained mutation: You passively map a small area around you.
                  | [potion of mutation]
 73838 | Slime:2  | Lost mutation: You are frail. (-10% HP) [potion of
                  | mutation]
 73838 | Slime:2  | Lost mutation: You are weak. (Str -2) [potion of mutation]
 73838 | Slime:2  | Gained mutation: You are robust. (+10% HP) [potion of
                  | mutation]
 73838 | Slime:2  | Gained mutation: You can translocate small distances at
                  | will. [potion of mutation]
 73955 | Slime:3  | Reached skill level 24 in Polearms
 75014 | Slime:4  | Received a gift from Okawaru
 75176 | Slime:5  | Entered Level 5 of the Pits of Slime
 76056 | Slime:5  | Found a viscous altar of Jiyva.
 76057 | Slime:5  | Noticed the Royal Jelly
 76075 | Slime:5  | Was placed under penance by Okawaru
 76081 | Slime:5  | Killed the Royal Jelly
 76169 | Slime:5  | Got a slimy rune of Zot
 76187 | Slime:5  | Got a scorched tin ring
 76188 | Slime:5  | Identified the ring "Biytocuq" {rElec SInv} (You found it
                  | on level 5 of the Pits of Slime)
 76200 | Slime:5  | Got a pitted jade amulet
 76201 | Slime:5  | Identified the amulet "Pujeixaick" {Inacc Dex+3} (You found
                  | it on level 5 of the Pits of Slime)
 76212 | Slime:5  | Identified the +8 plate armour "Biegimef" {*Corrode rElec
                  | rF+ MR+} (You found it on level 5 of the Pits of Slime)
 76226 | Slime:5  | Got a smoking jade amulet
 76227 | Slime:5  | Identified the amulet of Existentialism {Spirit *Drain
                  | +Blink rElec rPois} (You found it on level 5 of the Pits of
                  | Slime)
 76252 | Slime:5  | Identified the cursed +0 broad axe of Fafotah {flame, rN+
                  | Str-4 Int+3 Dex+4} (You found it on level 5 of the Pits of
                  | Slime)
 76255 | Slime:5  | Identified Seipt's Disquisition on Supportive Displacement
 76279 | Slime:5  | Identified Sif Muna's Reference Book on Venomous
                  | Malediction
 76604 | Shoals:3 | Fell from the grace of Okawaru
 76604 | Shoals:3 | Became a worshipper of the Shining One
 76946 | Depths:3 | Voluntarily entered the Abyss.
 77002 | Abyss:1  | Found an opulent altar of Gozag.
 77056 | Abyss:1  | Got a glittering silver amulet
 77057 | Abyss:1  | Identified the amulet "Vipoh" {RegenMP rElec rN+} (You
                  | found it on level 1 of the Abyss)
 77183 | Abyss:1  | Reached * piety under the Shining One
 77324 | Abyss:1  | Identified the +9 chain mail "Nunn" {*Slow rF+ rN+ MR+}
                  | (You found it on level 1 of the Abyss)
 77391 | Abyss:1  | Killed Josephine
 77399 | Abyss:1  | Identified the +1 centaur barding "Geqidaf" {+Fly rElec rC+
                  | Dex+6} (You acquired it on level 1 of the Abyss)
 77431 | Depths:3 | Escaped the Abyss
 77433 | Depths:3 | Voluntarily entered the Abyss.
 77505 | Abyss:1  | Reached ** piety under the Shining One
 77526 | Abyss:1  | Gained mutation: Your magical capacity is low. (-10% MP) [a
                  | neqoxec]
 77640 | Abyss:2  | Found a corrupted altar of Lugonu.
 77870 | Abyss:3  | Found a corrupted altar of Lugonu.
 77960 | Abyss:3  | Reached *** piety under the Shining One
 78213 | Abyss:3  | Reached **** piety under the Shining One
 78262 | Abyss:3  | Identified the +6 lajatang "Ogrebane" {flame, rC- Str+4
                  | Dex+5} (You found it on level 3 of the Abyss)
 78420 | Abyss:3  | Found an iron altar of Okawaru.
 78451 | Abyss:3  | Reached ***** piety under the Shining One
 78881 | Abyss:3  | Got an abyssal rune of Zot
 78912 | Abyss:3  | Reached skill level 25 in Polearms
 78972 | Abyss:3  | Reached ****** piety under the Shining One
 79016 | Abyss:3  | Identified the +5 scale mail "Kocrempa" {MR+ Str+3 Int+3}
                  | (You found it on level 3 of the Abyss)
 79309 | Depths:3 | Escaped the Abyss
 79311 | Depths:3 | Identified a +9 trishula of holy wrath (a +9 demon trident
                  | of freezing blessed by the Shining One)
 79311 | Depths:3 | Received a gift from the Shining One
 79370 | Zot:1    | Entered Level 1 of the Realm of Zot
 79395 | Zot:1    | You fall through a shaft!
 80381 | Zot:1    | You fall through a shaft!
 80381 | Zot:2    | Noticed an orb of fire
 80391 | Zot:2    | Gained mutation: You are somewhat resistant to further
                  | mutation. [an orb of fire]
 80393 | Zot:2    | Killed an orb of fire
 81961 | Zot:2    | Noticed an orb of fire
 81987 | Zot:2    | Killed an orb of fire
 83187 | Zot:4    | Noticed an orb of fire
 83187 | Zot:4    | Gained mutation: You are weak. (Str -2) [an orb of fire]
 83206 | Zot:4    | Lost mutation: You are robust. (+10% HP) [an orb of fire]
 83210 | Zot:4    | Gained mutation: Your body sometimes deteriorates upon
                  | taking damage. [an orb of fire]
 83213 | Zot:4    | Killed an orb of fire
 83940 | Zot:4    | Reached skill level 26 in Polearms
 85102 | Zot:5    | Entered Level 5 of the Realm of Zot
 85517 | Zot:5    | Noticed an ancient lich
 85532 | Zot:5    | Killed an ancient lich
 85622 | Zot:5    | Noticed an orb of fire
 85628 | Zot:5    | Noticed an orb of fire
 85642 | Zot:5    | Killed an orb of fire
 85653 | Zot:5    | Killed an orb of fire
 86228 | Zot:5    | Noticed an orb of fire
 86234 | Zot:5    | Killed an orb of fire
 86234 | Zot:5    | Was forgiven by Okawaru
 86454 | Zot:5    | Noticed an ancient lich
 86464 | Zot:5    | Noticed an orb of fire
 86465 | Zot:5    | Killed an ancient lich
 86479 | Zot:5    | Killed an orb of fire
 86479 | Zot:5    | Reached skill level 15 in Evocations
 86656 | Zot:5    | Noticed an orb of fire
 86657 | Zot:5    | Noticed an orb of fire
 86658 | Zot:5    | Noticed an orb of fire
 86668 | Zot:5    | Noticed an orb of fire
 86671 | Zot:5    | HP: 7/266 [Orb Guardian (8)]
 86676 | Zot:5    | Noticed an ancient lich
 86685 | Zot:5    | Mangled by an Orb Guardian

Levels and vault maps discovered:
D:1:      wander_arrival_fairy_ring, layout_rooms
D:2:      layout_rooms, lemuel_zombie_altar_yredelemnul
D:3:      layout_rooms, nicolae_gozag_cash_rules_everything_around_me,
          uniq_natasha, uniq_crazy_yiuf_cottage, uniq_terence
D:4:      layout_rooms, good_gods_temple_1, nicolae_qazlal_eye_of_the_storm,
          first_ration, uniq_pikel, uniq_robin
D:5:      layout_basic, marbit_many_paths, enter_ossuary_5
D:6:      layout_rooms
D:7:      layout_gridville, kennysheep_mini_moat, overflow_temple_1_default,
          minmay_temple_entry_mist, grunt_dithmenos_shadows
D:8:      layout_loops_ring, led_sif_book, the_bakery, minmay_lindwurm_lava,
          uniq_prince_ribbit1, uniq_joseph, uniq_psyche
D:9:      layout_irregular_city, gammafunk_temple_overflow_pools, orc_0_dummy,
          gammafunk_ghost_icy, serial_column_ruins, column_ruins_square_medium,
          column_ruins_grid_1, column_ruins_columns_corner,
          column_ruins_columns_straight, column_ruins_columns_straight,
          column_ruins_open_tiny, column_ruins_columns_dead_end,
          column_ruins_grid_4, uniq_erica, uniq_erolcha, uniq_gastronok,
          uniq_grum
D:10:     layout_basic, grunt_lair_entry_orc_guard_hut, serial_shops,
          nicolae_shop_crystal
D:11:     lemuel_upstairs_altar, layout_irregular_city, serial_shops,
          nicolae_shop_window_shopping, yredelemnul_altar_generic
D:12:     layout_grid_maze, minmay_ruined_shrine
D:13:     layout_basic, david_vaults_4, worms_lemuel, uniq_jorgrun
D:14:     layout_loops_cross, uniq_josephine, uniq_nessos
D:15:     grunt_enter_depths_giant_problem, layout_basic, uniq_agnes
Temple:   eino_wide_crystal_templ
Lair:1:   layout_concentric_octagons, minmay_lair_oklob_items
Lair:2:   layout_cave_pods, dummy_snake_entry, grunt_megastairs_3
Lair:3:   layout_gridlike, grunt_megastairs_2, serial_bayou_shore_a, uniq_snorg
Lair:4:   layout_hall_layers, minmay_shoals_entry_centaurs,
          chequers_serial_rivers_large_b
Lair:5:   layout_concentric_octagons, nicolae_slime_entry_slimehenge,
          basic_altar, kennysheep_basilisk_garden, lemuel_fruit_tree
Lair:6:   due_jungle_book, layout_cave_pods, lemuel_fruit_fields,
          serial_bayou_shore_b
Shoals:1: layout_shoals, uniq_nikola
Shoals:2: layout_shoals, serial_shops, shop
Shoals:3: layout_shoals, lemuel_centaur_altar
Shoals:4: shoals_end_hangedman, layout_shoals
Snake:1:  layout_layer_cave
Snake:2:  layout_layer_cave, nicolae_coiled_stairwell_up, minmay_shop_grove,
          grunt_megastairs_4
Snake:3:  layout_rooms, drop_trap, st_stairs_10, uniq_roxanne, uniq_aizul
Snake:4:  snake_pit_salamanders_mu, layout_rooms, minmay_snake_pond,
          minmay_shoptagon, uniq_mara
Slime:1:  layout_caves
Slime:2:  nicolae_slime_jelly_donut, layout_caves
Slime:3:  layout_caves
Slime:4:  cheibrodos_slime_lost_civilization_2, layout_caves,
          cheibrodos_slime_lost_civilization_5
Slime:5
Orc:1:    layout_diamond_mine, serial_shops, shop, basic_altar
Orc:2:    grunt_orc_gardens, layout_caves, grunt_orc_garden, grunt_orc_garden,
          grunt_orc_garden, grunt_orc_garden, serial_shops, shop, shop, shop,
          shop, nicolae_shop_crystal, portal_ice_cave_entry_ice_beasts
Elf:1:    eino_elf_arrival_shootout, layout_geoelf_diagonals,
          hangedman_elf_disciples
Elf:2:    layout_gridlike, portal_desolation_entry_nicolae_slug, serial_shops,
          nicolae_shop_trees, gammafunk_ghost_wrathful_warriors, st_stairs_10
Elf:3:    grunt_elf_hall_branching, layout_geoelf_octagon, mu_enter_wizlab_5,
          drop_trap, minivault_4
Vaults:1: v_alt_pattern_3, kennysheep_vaults_gozag_temple,
          hangedman_vaults_cutoff, hangedman_vaults_river_flow,
          vaults_standard_mumra_x, nicolae_vaults_big_ls,
          ontoclasm_vaults_shuriken, nicolae_vaults_network_star, v_misc_28,
          grunt_vaults_hallway_long, nicolae_vaults_theta, v_misc_17,
          vaults_room_pool, nicolae_vaults_asterisk, vaults_dpeg_diagonal,
          serial_ice_g, layout_vaults_omnicross, serial_hangedman_research,
          hangedman_research_thermodynamics, uniq_asterion
Vaults:2: minmay_crypt_entry_simple_statues, ontoclasm_vaults_gallery,
          hangedman_vaults_stream, v_rooms_3, hangedman_vaults_slice,
          vaults_dpeg_encased_lava, nicolae_vaults_rhombus_7,
          nicolae_vaults_back_hallway, grunt_vaults_diagonal,
          vaults_mumra_chevron, v_alt_pattern_4, hangedman_vaults_hat,
          layout_vaults_omnibox
Vaults:3: hangedman_vaults_unwind, vaults_room_guarded_vault, v_misc_25,
          nicolae_vaults_yaktaur_gun_rack, nicolae_vaults_three_branches,
          layout_vaults_omnigrid, serial_shops, shop_fountains, uniq_boris,
          uniq_donald, uniq_xtahua, uniq_saint_roka
Vaults:4: nicolae_vaults_windows_and_doors_thing,
          vaults_room_grunt_arrival_checkpoint, v_misc_10,
          nicolae_vaults_little_squares_2, v_misc_10, grunt_vaults_focal,
          nicolae_vaults_little_squares_1, v_pattern_5,
          hangedman_vaults_stitches, vaults_dpeg_ring, vaults_dpeg_cross,
          layout_vaults_big_room
Vaults:5
Crypt:1:  layout_regular_city, st_stairs_6, skrybe_necro_troll_1
Crypt:2:  layout_catacombs, basic_altar, st_stairs_7,
          roderic_lattice_octagonal_star
Crypt:3:  lightli_unholy_cathedral, layout_chaotic_city,
          tomb_entry_sphere_bobbens, minivault_19
Depths:1: layout_forbidden_donut, hex_medium, ebering_ghost_inner_flame,
          marbit_kobold_abyss_entry, hell_entry, chequers_serial_rivers_room_b,
          kennysheep_minor_cross, kennysheep_generic_room_10
Depths:2: four-leaf_vault, layout_cave_shapes, grunt_hell_entry_dis_mu,
          serial_shops, shop, infiniplex_staircase_zigzag_4
Depths:3: hangedman_box_tower, layout_honeycomb, hell_entry,
          hangedman_abyss_entry_splay, grunt_pan_entry_in_and_out,
          nicolae_blasting_shop, serial_bayou_pond_d, bh_walls_and_bars,
          infiniplex_staircase_door_maze, firewood_loft
Depths:4: cross_vault, layout_basic, minmay_misc_feat_cross, abyss_entry,
          pf_coc_iceberg
Depths:5: grunt_zot_entry_bicorn, layout_cave_pools, enter_ziggurat_f,
          nicolae_sextant, hell_entry
Zot:1:    layout_concentric_octagons, st_stairs_1, zot_minivault_1
Zot:2:    kennysheep_six_static_rooms, layout_twisted_circle,
          st_single_dragon_hoard_3
Zot:3:    layout_onion_interference
Zot:4:    grunt_twist_and_shout, layout_concentric_octagons
Zot:5:    layout_twisted_circle

Skill      XL: |  1  2  3  4  5  6  7  8  9 10 11 12 13 14 15 16 17 18 19 20 21 22 23 24 25 26 27 |
---------------+----------------------------------------------------------------------------------+-----
Polearms       | 2 3 4 5 7 9 10 12 13 14 15 16 17 18 19 20 21 22 23 26 | 26.8
Evocations     | 1 2 3 4 5 6 7 8 9 10 15 | 15.0
Fighting       | 4 5 6 7 8 9 10 12 13 14 16 17 18 19 20 21 22 25 | 25.0
Armour         | 3 4 5 6 7 8 9 10 11 13 | 13.3
Dodging        | 1 2 3 4 5 6 7 |  7.2
Shields        | 3 4 5 6 7 8 9 10 11 12 13 14 15 16 19 | 19.0
Invocations    | 2 4 6 7 9 10 11 12 13 14 15 17 18 19 | 19.7
Stealth        | 1 |  1.7

Action                   |  1- 3 |  4- 6 |  7- 9 | 10-12 | 13-15 | 16-18 | 19-21 | 22-24 | 25-27 || total
-------------------------+-------+-------+-------+-------+-------+-------+-------+-------+-------++-------
Melee: Trident           |   107 |   145 |   429 |   890 |    67 |       |       |       |       ||  1638
       Kick              |    19 |    35 |   120 |   333 |   828 |   343 |   506 |   678 |  1607 ||  4469
       Spear             |       |       |       |       |  1812 |       |       |       |       ||  1812
       Lance             |       |       |       |       |   111 |    36 |    32 |    77 |  2151 ||  2407
       Demon trident     |       |       |       |       |    36 |  1199 |  1366 |  1626 |  1608 ||  5835
       Trishula          |       |       |       |       |       |       |       |       |   237 ||   237
Invok: Heroism           |       |       |     1 |     1 |       |     2 |     2 |     2 |       ||     8
       Finesse           |       |       |       |       |       |     2 |     2 |     1 |       ||     5
       Brand Weapon With |       |       |       |       |       |       |       |       |     1 ||     1
 Abil: Blink             |       |       |       |       |       |       |       |       |     1 ||     1
Evoke: Wand              |       |    12 |    28 |    47 |    42 |    26 |     6 |    11 |     7 ||   179
       Box of beasts     |       |       |       |       |       |       |       |     1 |       ||     1
       Sack of spiders   |       |       |       |       |       |       |       |     1 |       ||     1
  Use: Potion            |       |     1 |     3 |     9 |       |     1 |     2 |     7 |    26 ||    49
       Scroll            |       |       |    13 |    17 |    23 |    11 |    14 |    23 |    49 ||   150
 Stab: Paralysed         |       |       |     6 |     7 |     2 |       |       |     2 |    14 ||    31
       Distracted        |       |       |       |       |     1 |       |     1 |     2 |       ||     4
       Sleeping          |       |       |       |       |     1 |       |       |       |       ||     1
       Confused          |       |       |       |       |       |       |     6 |     1 |     8 ||    15
       Petrifying        |       |       |       |       |       |       |       |     3 |     5 ||     8
       Petrified         |       |       |       |       |       |       |       |       |     2 ||     2
  Eat: Chunk             |       |    11 |    20 |    38 |    38 |    28 |    18 |    32 |    37 ||   222
       Ration            |       |       |       |       |       |       |       |       |     8 ||     8
Armor: Scale mail        |    40 |     7 |       |       |       |       |       |       |       ||    47
       Chain mail        |       |    26 |   105 |       |       |       |       |       |       ||   131
       Ring mail         |       |       |    30 |   158 |   115 |       |       |       |       ||   303
       Troll leather arm |       |       |       |       |   154 |     4 |       |       |       ||   158
       Plate armour      |       |       |       |       |       |   407 |   267 |   222 |   738 ||  1634
Dodge: Dodged            |    20 |    12 |    46 |   174 |   241 |   122 |    81 |    76 |   341 ||  1113
Block: Shield            |    32 |    31 |   155 |   344 |   491 |    38 |       |       |       ||  1091
       Large shield      |       |       |       |       |     3 |   734 |   796 |  1001 |  2032 ||  4566
       Reflection        |       |       |       |       |       |       |    63 |   126 |   119 ||   308
       Other             |       |       |       |       |       |       |       |       |     1 ||     1

Table legend:
 A = Non-vault XP
 B = Vault XP
 C = Vault XP percentage of total XP
 D = Non-vault monster count
 E = Vault monster count
 F = Vault count percentage of total count
                 A         B        C        D         E       F
            +---------+---------+-------+---------+---------+-------
      Total | 1195020 |  984659 |  45.2 |    2035 |    1084 |  34.8
            +---------+---------+-------+---------+---------+-------
        D:1 |      14 |       0 |   0.0 |      10 |       0 |   0.0
        D:2 |      70 |       4 |   5.4 |      16 |       2 |  11.1
        D:3 |     200 |     775 |  79.5 |      15 |       4 |  21.1
        D:4 |     353 |      39 |   9.9 |      17 |      13 |  43.3
        D:5 |     484 |      43 |   8.2 |      14 |       1 |   6.7
        D:6 |     690 |       0 |   0.0 |      19 |       0 |   0.0
        D:7 |     691 |     120 |  14.8 |      11 |       1 |   8.3
        D:8 |     733 |    1355 |  64.9 |      14 |       4 |  22.2
        D:9 |    3726 |    6085 |  62.0 |      50 |      16 |  24.2
       D:10 |    3605 |     384 |   9.6 |      44 |       4 |   8.3
       D:11 |    5655 |       0 |   0.0 |      34 |       0 |   0.0
       D:12 |    7201 |    2303 |  24.2 |      40 |       7 |  14.9
       D:13 |    5502 |    6580 |  54.5 |      41 |      14 |  25.5
       D:14 |    9501 |    1581 |  14.3 |      45 |       6 |  11.8
       D:15 |   20006 |    3777 |  15.9 |      57 |       2 |   3.4
     Lair:1 |    6640 |     535 |   7.5 |      30 |       1 |   3.2
     Lair:2 |    4641 |     378 |   7.5 |      24 |       1 |   4.0
     Lair:3 |    3220 |    3262 |  50.3 |      13 |       5 |  27.8
     Lair:4 |    6294 |     220 |   3.4 |      31 |       2 |   6.1
     Lair:5 |    8291 |     913 |   9.9 |      21 |       8 |  27.6
     Lair:6 |    6084 |    1301 |  17.6 |      22 |       3 |  12.0
   Shoals:1 |    8027 |    4295 |  34.9 |      21 |       1 |   4.5
   Shoals:2 |   20926 |       0 |   0.0 |      45 |       0 |   0.0
   Shoals:3 |   11009 |    1045 |   8.7 |      19 |       5 |  20.8
   Shoals:4 |    6083 |   19634 |  76.3 |      14 |      32 |  69.6
    Snake:1 |   15214 |     978 |   6.0 |      29 |       1 |   3.3
    Snake:2 |   22130 |    3766 |  14.5 |      39 |       7 |  15.2
    Snake:3 |   16685 |    5075 |  23.3 |      24 |       4 |  14.3
    Snake:4 |   14914 |   56304 |  79.1 |      29 |      73 |  71.6
    Slime:1 |    9839 |       0 |   0.0 |      10 |       0 |   0.0
    Slime:2 |   12091 |     128 |   1.0 |      26 |       3 |  10.3
    Slime:3 |   21881 |       0 |   0.0 |      31 |       0 |   0.0
    Slime:4 |   19407 |       0 |   0.0 |      18 |       0 |   0.0
    Slime:5 |   24812 |   26337 |  51.5 |      44 |      10 |  18.5
      Orc:1 |    6095 |       0 |   0.0 |      41 |       0 |   0.0
      Orc:2 |    7561 |    8736 |  53.6 |      49 |      19 |  27.9
      Elf:1 |   10863 |    7263 |  40.1 |      18 |      12 |  40.0
      Elf:2 |   13484 |   23907 |  63.9 |      24 |      32 |  57.1
      Elf:3 |   22399 |   54191 |  70.8 |      40 |      37 |  48.1
   Vaults:1 |   26460 |   38898 |  59.5 |      42 |      56 |  57.1
   Vaults:2 |   15359 |   29497 |  65.8 |      22 |      43 |  66.2
   Vaults:3 |   38580 |   33880 |  46.8 |      60 |      34 |  36.2
   Vaults:4 |   49626 |   26810 |  35.1 |      68 |      37 |  35.2
   Vaults:5 |   53295 |  131022 |  71.1 |      69 |      92 |  57.1
    Crypt:1 |   19150 |    2516 |  11.6 |      42 |       6 |  12.5
    Crypt:2 |   11293 |     822 |   6.8 |      26 |       1 |   3.7
    Crypt:3 |   48129 |   43882 |  47.7 |      57 |      40 |  41.2
   Depths:1 |    2697 |    5458 |  66.9 |       3 |       6 |  66.7
   Depths:2 |   30448 |   23048 |  43.1 |      31 |      17 |  35.4
   Depths:3 |   42852 |   99132 |  69.8 |      49 |      77 |  61.1
   Depths:4 |   24538 |   13766 |  35.9 |      33 |       6 |  15.4
   Depths:5 |   37845 |   24829 |  39.6 |      35 |      16 |  31.4
      Zot:1 |   48662 |   26606 |  35.3 |      26 |      15 |  36.6
      Zot:2 |   91666 |   11306 |  11.0 |      46 |       7 |  13.2
      Zot:3 |   46244 |       0 |   0.0 |      28 |       0 |   0.0
      Zot:4 |   96595 |   23485 |  19.6 |      62 |      20 |  24.4
      Zot:5 |   20238 |  100847 |  83.3 |       8 |      23 |  74.2
    Abyss:1 |   37686 |    1034 |   2.7 |      59 |       1 |   1.7
    Abyss:2 |   23719 |       0 |   0.0 |      64 |       0 |   0.0
    Abyss:3 |   72917 |   19391 |  21.0 |     116 |      26 |  18.3
    Ossuary |       0 |    1087 | 100.0 |       0 |      38 | 100.0
      IceCv |       0 |   12665 | 100.0 |       0 |      51 | 100.0
     WizLab |       0 |   25553 | 100.0 |       0 |      56 | 100.0
 Desolation |       0 |   47811 | 100.0 |       0 |      86 | 100.0
            +---------+---------+-------+---------+---------+-------
